 Dungeon Crawl Stone Soup version 0.23.1-37-gaa34b87b72 (webtiles) character file.

Game seed: 9022232050105116381

742 PentaManta the Spear-Bearer (level 7, 0/50 HPs)
             Began as a Merfolk Chaos Knight on Mar 19, 2019.
             Was a Plaything of Xom.
             Succumbed to a water moccasin's poison
             ... on level 5 of the Dungeon.
             The game lasted 00:12:59 (4041 turns).

PentaManta the Spear-Bearer (Merfolk Chaos Knight)  Turns: 4041, Time: 00:13:00

Health: 0/50       AC:  4    Str: 18 (19) XL:     7   Next: 76%
Magic:  1/7        EV: 14    Int: 14 (16) God:    Xom [...*..]
Gold:   228        SH:  0    Dex: 10 (13) Spells: 6/6 levels left

rFire    . . .     SeeInvis .   a - +1 spear (chaos)
rCold    . . .     Gourm    .   (no shield)
rNeg     + + .     Faith    .   b - +3 leather armour
rPois    .         Spirit   +   (helmet restricted)
rElec    .         Reflect  .   (no cloak)
rCorr    .         Harm     .   (no gloves)
MR       .....     Rnd*Rage +   (no boots)
Stlth    +.........             m - amulet of guardian spirit
HPRegen  0.16/turn              e - ring of positive energy
MPRegen  0.10/turn              p - ring of positive energy

@: mighty, lethally poisoned (0 -> -4)
A: change form in water, swift swim, stealthy swim, beak, berserk 1, clever 2,
deformed body, frail 1, mutation resistance 1, MP-powered wands
a: Renounce Religion


You were on level 5 of the Dungeon.
You worshipped Xom.
You were a favourite toy of Xom.
You were not hungry.

You visited 1 branch of the dungeon, and saw 5 of its levels.

You collected 228 gold pieces.

Inventory:

Hand Weapons
 a - a +1 spear of chaos (weapon)
Armour
 b - a +3 leather armour (worn)
 k - a +0 helmet
Jewellery
 e - a ring of positive energy (left hand)
 m - an amulet of guardian spirit (around neck)
 p - a ring of positive energy (right hand)
Scrolls
 d - 2 scrolls of enchant weapon
 f - a scroll of identify
 h - a scroll of teleportation
 i - a scroll of enchant armour
 j - 3 scrolls of remove curse
 l - a scroll of fear
Comestibles
 c - 4 rations


   Skills:
 + Level 5.6 Fighting
 * Level 9.4 Polearms
 - Level 0.6 Armour
 + Level 6.0 Dodging


You had 6 spell levels left.
You didn't know any spells.
Your spell library contained the following spells:

 Spells                   Type           Power        Failure   Level  Hunger
 Flame Tongue             Conj/Fire      #....        34%         1    ##.....
 Throw Flame              Conj/Fire      #.....       45%         2    ###....
 Conjure Flame            Conj/Fire      #.......     71%         3    ####...
 Inner Flame              Hex/Fire       #.......     71%         3    ####...
 Sticky Flame             Conj/Fire      #.......     98%         4    #####..
 Fireball                 Conj/Fire      #.........   100%        5    ######.


Dungeon Overview and Level Annotations

Branches:
Dungeon (5/15)             Temple (0/1) D:4

Altars:
Hepliaklqana
Makhleb
Trog
Wu Jian
Xom


Innate Abilities, Weirdness & Mutations

You revert to your normal form in water You are very nimble and swift while swimming.
You are very stealthy in the water. (Stealth+)
You have a beak for a mouth.
You tend to lose your temper in combat.
Your mind is very acute. (Int +4)
Armour fits poorly on your strangely shaped body.
You are frail. (-10% HP)
You are somewhat resistant to further mutation.
You expend magic power (3 MP) to strengthen your wands.


Message History

You feel weakened.
You feel dopey.
You feel clumsy.
Xom roars with laughter!
* * * LOW HITPOINT WARNING * * *
You feel sick. The centaur skeleton hits you.
* * * LOW HITPOINT WARNING * * *
As you read the scroll labeled FINWABUECH, it crumbles to dust.
You hear a loud clanging noise!
It was a scroll of noise.
You hear a shout! x6
The centaur skeleton closely misses you.
The centaur skeleton hits you but does no damage.
You aren't carrying any potions.
You puncture the centaur skeleton!
The centaur skeleton convulses!
The centaur skeleton is severely damaged.
* * * LOW HITPOINT WARNING * * *
You feel sick.
You puncture the centaur skeleton! You burn the centaur skeleton.
You destroy the centaur skeleton!
You die...
Xom is highly amused!

#........# #
#......#.#
###......#.#
###....#####.#
#######......# #.#
#........#.#.# #.#
#......{...#.# #.#
#........###### #.#
######..5..@.####.#
#.....####.#....#
#.....#.........
#..h..#.........
#.....#.(........
#...l.#..........
#....###.........
#......h.........
.........##........


You could see a shadow imp.

Vanquished Creatures
  An ice beast (D:5)
  An ogre (D:4)
  A howler monkey (D:5)
  A crimson imp (D:3)
  2 hounds (D:4)
  A centaur skeleton (D:5)
  Jessica (D:3)
  Terence (D:3)
  Natasha (thrice) (D:3)
  A worker ant (D:4)
  A hound skeleton (D:2)
  4 gnolls (D:4)
  8 adders
  An ooze (D:1)
  4 worms
  2 dart slugs
  A leopard gecko (D:1)
  6 orcs
  4 ball pythons
  6 bats
  5 giant cockroaches
  12 hobgoblins
  12 jackals
  A quokka (D:3)
  4 frilled lizards
  17 goblins
  9 kobolds
  A leopard gecko skeleton (D:4)
  10 rats
121 creatures vanquished.

Vanquished Creatures (collateral kills)
  An adder (D:3)
1 creature vanquished.

Vanquished Creatures (others)
  Robin (D:3)
1 creature vanquished.

Grand Total: 123 creatures vanquished

Notes
Turn   | Place    | Note
-------+----------+-------------------------------------------
     0 | D:1      | PentaManta the Merfolk Chaos Knight began the quest for the
                  | Orb.
     0 | D:1      | Reached XP level 1. HP: 18/18 MP: 1/1
    37 | D:1      | Reached XP level 2. HP: 21/24 MP: 2/2
   176 | D:1      | Reached skill level 5 in Polearms
   261 | D:1      | XOM: potion effect (invisibility)
   553 | D:1      | Reached XP level 3. HP: 29/29 MP: 3/3
   770 | D:1      | XOM: mild Conj miscast
   795 | D:1      | XOM: divination: detect items
  1212 | D:2      | XOM: harmless Tloc miscast
  1387 | D:2      | Reached XP level 4. HP: 34/37 MP: 4/4
  1501 | D:2      | Reached skill level 6 in Polearms
  1577 | D:2      | Found a hazy altar of Hepliaklqana.
  1763 | D:3      | Noticed Natasha
  1769 | D:3      | XOM: give mutations
  1769 | D:3      | Gained mutation: Your mind is acute. (Int +2) [Xom's grace]
  1769 | D:3      | Gained mutation: You expend magic power (3 MP) to
                  | strengthen your wands. [Xom's grace]
  1769 | D:3      | Gained mutation: You are somewhat resistant to further
                  | mutation. [Xom's grace]
  1769 | D:3      | Gained mutation: You have a beak for a mouth. [Xom's grace]
  1777 | D:3      | Killed Natasha
  1777 | D:3      | Reached XP level 5. HP: 21/42 MP: 5/5
  1942 | D:3      | XOM: god gift: long runed staff {god gift}
  1981 | D:3      | XOM is BORED!
  1981 | D:3      | XOM: give mutations
  1981 | D:3      | Gained mutation: You tend to lose your temper in combat.
                  | [Xom's mischief]
  1981 | D:3      | Gained mutation: Armour fits poorly on your strangely
                  | shaped body. [Xom's mischief]
  1981 | D:3      | Gained mutation: You are frail. (-10% HP) [Xom's mischief]
  2007 | D:3      | Noticed Jessica
  2034 | D:3      | Killed Jessica
  2051 | D:3      | Noticed Robin
  2072 | D:3      | Reached skill level 7 in Polearms
  2073 | D:3      | XOM: god gift: flail {god gift}
  2095 | D:3      | Noticed Terence
  2114 | D:3      | XOM: confusion
  2126 | D:3      | Killed Robin
  2126 | D:3      | XOM: divine lightning
  2139 | D:3      | XOM: silly message
  2142 | D:3      | XOM: swap monsters
  2157 | D:3      | XOM: summons 2 friendly demons
  2179 | D:3      | XOM: enchant monster (bad)
  2202 | D:3      | XOM: 1-stop teleportation journey
  2325 | D:3      | XOM: harmless Chrm miscast
  2475 | D:3      | Noticed Natasha
  2489 | D:3      | Killed Natasha
  2489 | D:3      | Reached XP level 6. HP: 21/44 MP: 0/6
  2670 | D:3      | Noticed Natasha
  2685 | D:3      | Killed Natasha
  2757 | D:3      | XOM: cast spell 'Cause Fear'
  2778 | D:3      | Killed Terence
  2904 | D:3      | Found a faded altar of an unknown god.
  2944 | D:3      | Found a shimmering altar of Xom.
  2945 | D:3      | Found a burning altar of Makhleb.
  2957 | D:3      | XOM: swap monsters
  2962 | D:3      | Reached skill level 5 in Dodging
  3038 | D:4      | XOM: harmless Summ miscast
  3098 | D:4      | Reached skill level 8 in Polearms
  3158 | D:4      | HP: 2/45 [gnoll/+2 halberd of freezing (4)]
  3207 | D:4      | HP: 1/45 [gnoll/+0 spear (5)]
  3362 | D:3      | XOM: harmless Pois miscast
  3512 | D:4      | Reached skill level 5 in Fighting
  3512 | D:4      | Reached XP level 7. HP: 35/50 MP: 4/7
  3569 | D:4      | Found an ornate altar of the Wu Jian Council.
  3651 | D:4      | XOM: divination: detect items
  3733 | D:4      | Noticed a moth of wrath
  3736 | D:4      | Found a bloodstained altar of Trog.
  3847 | D:4      | Found a staircase to the Ecumenical Temple.
  3849 | D:4      | XOM: give mutation
  3849 | D:4      | Gained mutation: Your mind is very acute. (Int +4) [Xom's
                  | grace]
  3933 | D:5      | Entered Level 5 of the Dungeon
  3969 | D:5      | Reached skill level 9 in Polearms
  4037 | D:5      | HP: 2/50 [centaur skeleton (3)]
  4041 | D:5      | Succumbed to a water moccasin's poison

Skill      XL: |  1  2  3  4  5  6  7 |
---------------+----------------------+-----
Dodging        | 3 4 5 6 |  6.0
Polearms       | 5 6 7 8 9 |  9.4
Fighting       | 4 5 |  5.6
Armour         | |  0.6

Action                   |  1- 3 |  4- 6 |  7- 9 || total
-------------------------+-------+-------+-------++-------
Melee: Spear             |   144 |   309 |    79 ||   532
       Peck              |       |    35 |    14 ||    49
  Use: Scroll            |     3 |     8 |     2 ||    13
       Potion            |       |     6 |     2 ||     8
 Stab: Confused          |     1 |     1 |       ||     2
       Sleeping          |     2 |     1 |       ||     3
       Invisible         |     1 |       |       ||     1
  Eat: Chunk             |     2 |     5 |     3 ||    10
Armor: Leather armour    |    31 |    35 |     9 ||    75
       Skin              |       |     3 |       ||     3
Dodge: Dodged            |    55 |   180 |    26 ||   261
